 Dungeon Crawl Stone Soup version 0.32-a0-666-ge8a88695a4 (webtiles) character file.

Game seed: 3252221217090287710

287 cforsyth the Grave Robber (level 6, -1/45 (53) HPs)
             Began as a Mountain Dwarf Necromancer on Mar 9, 2024.
             Slain by a wight
             ... wielding a +0 great sword
              (4 damage)
             ... on level 4 of the Dungeon.
             The game lasted 00:05:14 (3176 turns).

cforsyth the Grave Robber (MDNe)                    Turns: 3176, Time: 00:05:17

HP:   -1/45 (53)    AC: 10    Str: 12    XL:     6   Next: 8%
MP:   8/8           EV:  6    Int: 16    God:
Gold: 243           SH:  0    Dex: 10    Spells: 7/8 levels left

rFire   + . .        j - +0 dagger (venom)
rCold   + + .        (no shield)
rNeg    . . .        l - +2 chain mail {rF+}
rPois   .            (no helmet)
rElec   .            (no cloak)
rCorr   +            (no gloves)
SInv    .            (no boots)
Will    +....        p - amulet "Julocavez" {Faith rC++ Will+} Stlth
                     R - ring of resist corrosion
HPRegen 0.27/turn    (no ring)
MPRegen 0.11/turn

%: faith
@: heavily drained
A: runic magic, artefact enchanting
a: no special abilities


You were on level 4 of the Dungeon.
You visited 1 branch of the dungeon, and saw 4 of its levels.

You collected 243 gold pieces.


Innate Abilities, Weirdness & Mutations

Your spellcasting is much less encumbered by armour.
You can use scrolls of enchantment on lesser artefacts.


   Skills:
 + Level 4.5 Fighting
 - Level 1.3 Dodging
 - Level 1.4 Stealth
 - Level 1.7 Spellcasting
 + Level 6.5 Necromancy


You had 7 spell levels left.
You knew the following spells:

 Your Spells              Type           Power      Damage    Failure   Level
X - Necrotise             Necr           88%        1d8       3%          1

Your spell library contained the following spells:

 Spells                   Type           Power      Damage    Failure   Level
 Vampiric Draining        Necr           22%        2d7       10%         3
 Animate Dead             Necr           22%        N/A       32%         4
 Foxfire                  Conj/Fire      4%         2x1d4     43%         1
 Curse of Agony           Necr           22%        N/A       67%         5
 Plasma Beam              Fire/Air       0%         2x1d10    100%        6
 Starburst                Conj/Fire      0%         6d3       100%        6

Inventory:

Hand Weapons
 j - a +0 dagger of venom (weapon)
Armour
 a - a +0 robe
 d - a +0 helmet
 i - a +2 leather armour of positive energy
 l - a +2 chain mail of fire resistance (worn)
Jewellery
 p - the amulet "Julocavez" (around neck) {Faith rC++ Will+}
   (You found it on level 3 of the Dungeon)

   [amulet of faith]

   Faith:     It allows you to gain divine favour quickly.
   rC++:      It greatly protects you from cold.
   Will+:     It increases your willpower.
 R - a ring of resist corrosion (left hand)
Wands
 k - a wand of mindburst (18)
Scrolls
 g - a scroll of poison {unknown}
 n - 2 scrolls of immolation
Potions
 b - a potion of magic
 c - a potion of attraction {unknown}
 e - a potion of enlightenment {unknown}
 f - a potion of cancellation {unknown}
 h - a potion of ambrosia {unknown}
 m - a potion of berserk rage {unknown}
 o - a potion of heal wounds {unknown}
 q - a potion of mutation {unknown}

Dungeon Overview and Level Annotations

Branches:
Dungeon (4/15)
 Temple: D:4-7

Altars:
Wu Jian

Annotations:
D:4 2 transporters

#..#.#†........▒P./.P
##.....#####...▒ß.©.ß
#......#####..▒▒▒▒▒▒
#.##.....###.....©..
.....#.##...........
....................
.....####.........
#########........
#...z@........
........###########.
......... ..........
..####..... . #.....z
#....)!. #........


You could see a wight (inner flame).


Message History

Found a glowing hand axe and 2 sapphire potions.
A wight is nearby!
A wight is nearby!
You barely miss the wight.
The wight hits you with a +0 great sword!
You hit the wight.
The wight is lightly damaged.
The wight hits you with a +0 great sword!
You feel drained.
You hit the wight but do no damage.
The wight is lightly damaged.
The wight hits you with a +0 great sword!
You feel drained.
* * * LOW HITPOINT WARNING * * *
You hit the wight but do no damage.
The wight is lightly damaged.
The wight hits you with a +0 great sword.
* * * LOW HITPOINT WARNING * * *
You feel drained.
* * * LOW HITPOINT WARNING * * *
Okay, then.
There's nothing to close nearby.
Okay, then.
As you read the scroll labelled DICEEWI PYIVEE, it crumbles to dust.
The creatures around you are filled with an inner flame!
It was a scroll of immolation.
The wight hits you with a +0 great sword!
* * * LOW HITPOINT WARNING * * *
You feel drained.
You die...

Skill      XL: |  1  2  3  4 |
---------------+-------------+-----
Fighting       | 1 2 4 |  4.5
Necromancy     | 5 6 |  6.5
Dodging        | |  1.3
Stealth        | |  1.4
Spellcasting   | |  1.7

Action                     |  1- 3 |  4- 6 || total
---------------------------+-------+-------++-------
  Melee: Unarmed           |    29 |       ||    29
         Dagger            |    10 |    58 ||    68
   Cast: Necrotise         |    44 |    29 ||    73
    Use: Scroll            |       |     1 ||     1
 Armour: Robe              |    19 |       ||    19
         Leather armour    |    11 |       ||    11
         Chain mail        |       |    64 ||    64
  Dodge: Dodged            |    23 |    15 ||    38

Levels and vault maps discovered:
D:1:      onia_arrival_mini_spirals, layout_basic
D:2:      layout_basic, basic_altar, uniq_terence
D:3:      layout_basic
D:4:      gammafunk_steamed_eel, layout_rooms,
          mainiacjoe_overflow_catch_the_wave, serial_shops,
          nicolae_stop_n_shop_1

Notes
Turn   | Place    | Note
-------+----------+-------------------------------------------
     0 | D:1      | cforsyth the Mountain Dwarf Necromancer began the quest for
                  | the Orb.
     0 | D:1      | Reached XP level 1. HP: 14/14 MP: 3/3
   147 | D:1      | Reached skill level 1 in Fighting
   216 | D:1      | Reached XP level 2. HP: 23/23 MP: 1/4
  1250 | D:2      | Reached skill level 5 in Necromancy
  1259 | D:2      | Reached skill level 2 in Fighting
  1259 | D:2      | Reached XP level 3. HP: 15/29 MP: 0/5
  1481 | D:2      | Noticed Terence
  1889 | D:2      | Killed Terence
  1890 | D:2      | Reached XP level 4. HP: 19/37 MP: 1/6
  2099 | D:2      | Found an ornate altar of the Wu Jian Council.
  2460 | D:3      | Identified the amulet "Julocavez" {Faith rC++ Will+}
  2544 | D:3      | Reached skill level 3 in Fighting
  2833 | D:4      | Found a transporter.
  2954 | D:4      | Noticed a phantom
  2995 | D:4      | Found a transporter.
  2998 | D:4      | Killed a phantom
  2999 | D:4      | Reached skill level 4 in Fighting
  2999 | D:4      | Reached skill level 6 in Necromancy
  2999 | D:4      | Reached XP level 5. HP: 29/46 MP: 7/7
  3152 | D:4      | Reached XP level 6. HP: 50/53 MP: 8/8
  3176 | D:4      | HP: 3/47 [wight/+0 great sword (15)]
  3176 | D:4      | Slain by a wight

Vanquished Creatures
  A phantom (D:4)
  A scorpion (D:4)
  A hound (D:4)
  An iguana (D:4)
  Terence (D:2)
  2 adders (D:2)
  2 dart slugs
  A ribbon worm (D:2)
  3 bats
  4 endoplasms
  3 giant cockroaches
  5 goblins
  4 hobgoblins
  3 jackals (D:1)
  7 kobolds
  2 ball pythons (D:4)
  2 frilled lizards
  4 rats
47 creatures vanquished.

Vanquished Creatures (collateral kills)
  A hobgoblin (D:1)
  A bat (D:1)
2 creatures vanquished.

Grand Total: 49 creatures vanquished

Table legend: (Time is in decaauts)
 A = Elapsed time spent in this place.
 B = Non-inter-level travel time spent in this place.
 C = Inter-level travel time spent in this place.
 D = Time resting spent in this place.
 E = Time spent auto-exploring this place.
 F = Levels seen in this place.
 G = Mean time per level.
                   A        B        C        D        E       F      G
               +--------+--------+--------+--------+--------+-----+--------+
         Total |   3175 |   2955 |    220 |      0 |   2435 |   4 |  793.8 |
       Dungeon |   3175 |   2955 |    220 |      0 |   2435 |   4 |  793.8 |
               +--------+--------+--------+--------+--------+-----+--------+

Top non-repeatable levels by time:
     D:1: 1244 daAuts
     D:2: 1127 daAuts
     D:3: 460 daAuts
     D:4: 342 daAuts

Table legend:
 A = Non-vault XP
 B = Vault XP
 C = Vault XP percentage of total XP
 D = Non-vault monster count
 E = Vault monster count
 F = Vault count percentage of total count
                 A         B        C        D         E       F
            +---------+---------+-------+---------+---------+-------
      Total |     375 |      36 |   8.8 |      48 |       1 |   2.0
            +---------+---------+-------+---------+---------+-------
        D:1 |      37 |       0 |   0.0 |      20 |       0 |   0.0
        D:2 |      47 |      36 |  43.4 |      13 |       1 |   7.1
        D:3 |      14 |       0 |   0.0 |       7 |       0 |   0.0
        D:4 |     277 |       0 |   0.0 |       8 |       0 |   0.0
            +---------+---------+-------+---------+---------+-------
